Map: Year Zero LE

Players

goblin

  • Race: Protoss Protoss
  • Spawn Location: 11:00

Lambo - Winner!

  • Race: Zerg Zerg
  • Spawn Location: 1:00

Event: 2019 WCS Spring

VOD

Have the link to the VOD?

Description

Time

  • Played on: May 17, 2019, 2:02 p.m.
  • Length: 5:32

All games in this series

Show
View Real Time Build Order
Export as new Build Order

goblin Protoss 

Build Orders: 1 Gate Expand 

Get SALT Encoding   

  12  0:00  Probe  
  13  0:12  Probe  
  14  0:18  Pylon  
  14  0:24  Probe  
  15  0:32  Probe  
  15  0:39  Gateway  
  15  0:40  Probe  
  16  0:48  Assimilator  
  17  0:51  Probe  
  18  1:03  Probe  
  19  1:21  Nexus  
  19  1:25  Probe  
  20  1:33  Cybernetics Core  
  20  1:37  Probe  
  21  1:44  Assimilator  
  21  1:49  Probe  
  21  1:52  Pylon  
  22  1:59  Probe  
  22  2:00  Stalker  
  22  2:07  Probe  
  26  2:15  Probe  
  26  2:21  Twilight Council  
  27  2:27  Warp Gate  
  27  2:28  Probe  
  27  2:29  Probe  
  28  2:35  Adept  
  31  2:40  Probe x2  
  33  2:52  Probe, Resonating Glaives  
  33  2:53  Robotics Facility  
  33  2:54  Probe  
  35  3:04  Probe x2  
  36  3:12  Probe  
  37  3:15  Gateway  
  37  3:16  Probe  
  39  3:21  Probe  
  40  3:28  Probe  
  40  3:29  Pylon  
  40  3:33  Probe  
  42  3:43  Gateway  
  42  3:44  Gateway  
  42  3:48  Gateway  
  42  3:51  Gateway  
  42  3:52  Warp Prism  
  42  3:55  Gateway  
  44  4:13  Pylon  
  44  4:18  Sentry x2  
  48  4:26  Pylon  
  48  4:28  Assimilator  
  48  4:29  Assimilator  
  48  4:31  Observer  
  48  4:35  Probe  
  48  4:36  Pylon  
  50  4:53  Adept x6  
  50  4:54  Stalker  
  64  5:04  Pylon  
  62  5:26  Adept x3  
Show
View Real Time Build Order
Export as new Build Order

Lambo Zerg - Winner!

Build Orders: Hatch First 

Get SALT Encoding   

  12  0:00  Drone  
  13  0:13  Overlord  
  13  0:17  Drone  
  14  0:32  Drone x2  
  16  0:49  Hatchery  
  15  0:53  Drone  
  15  0:56  Drone  
  17  0:59  Drone  
  18  1:11  Extractor  
  17  1:14  Spawning Pool  
  16  1:18  Drone  
  16  1:21  Drone  
  18  1:29  Drone  
  19  1:39  Drone  
  20  1:49  Drone  
  21  2:01  Queen x2  
  21  2:02  Overlord, Zergling x2  
  26  2:11  Drone  
  26  2:12  Drone  
  28  2:25  Drone  
  28  2:26  Drone  
  30  2:34  Hatchery, Drone  
  30  2:37  Pneumatized Carapace  
  30  2:42  Drone  
  31  2:44  Drone  
  31  2:47  Overlord  
  32  2:55  Drone x2  
  34  2:59  Queen  
  36  3:08  Drone  
  36  3:09  Drone x2  
  36  3:12  Drone x2  
  41  3:18  Overlord  
  41  3:28  Drone x2  
  41  3:31  Drone  
  44  3:37  Roach Warren  
  44  3:38  Queen  
  45  3:41  Lair  
  45  3:42  Drone x3  
  45  3:46  Drone x2  
  50  3:48  Extractor  
  50  3:50  Extractor  
  50  3:51  Drone  
  50  3:53  Drone x2  
  51  3:58  Overlord  
  51  4:01  Drone  
  52  4:05  Overlord  
  52  4:11  Overlord  
  52  4:15  Spine Crawler  
  51  4:22  Drone, Spine Crawler  
  51  4:23  Roach x3  
  57  4:24  Overlord  
  57  4:30  Roach x2  
  61  4:36  Roach x2  
  65  4:39  Roach  
  67  4:46  Roach x3  
  67  4:51  Overlord  
  73  4:54  Roach  
  73  4:59  Overlord  
  75  5:02  Overlord  
  75  5:03  Roach  
  77  5:08  Roach x2  
  77  5:12  Ravager  
  77  5:13  Ravager  
Tags
 
Add a new tag
Caveats
  • Supply blocks, unpowered buildings, or Contaminate may cause inaccurate times.
  • Supply counts are checked every 10 seconds.